 Dungeon Crawl Stone Soup version 0.32-a0-886-g41c5271027 (webtiles) character file.

Game seed: 12773397708963677005

116 pokeman the Magician (level 4, -1/25 HPs)
             Began as a Deep Elf Hedge Wizard on Apr 2, 2024.
             Slain by Sigmund
             ... wielding a +5 scythe of protection
              (12 damage)
             ... on level 3 of the Dungeon.
             The game lasted 00:05:41 (2570 turns).

pokeman the Magician (Deep Elf Hedge Wizard)        Turns: 2570, Time: 00:05:42

Health: -1/25      AC:  5    Str:  7    XL:     4   Next: 69%
Magic:  4/13       EV: 12    Int: 21    God:
Gold:   240        SH:  0    Dex: 14    Spells: 3/14 levels left

rFire   . . .        n - +10 whip "Cyle Circh" {holy, rElec}
rCold   . . .        (no shield)
rNeg    . . .        b - +0 robe
rPois   .            i - +0 helmet
rElec   +            q - +0 cloak
rCorr   .            o - +0 pair of gloves
SInv    .            (no boots)
Will    .....        (no amulet)
Stlth   ++           (no ring)
HPRegen 0.24/turn    (no ring)
MPRegen 0.13/turn

%: no passive effects
@: very slightly contaminated
A: no striking features
a: no special abilities


You were on level 3 of the Dungeon.
You visited 1 branch of the dungeon, and saw 3 of its levels.

You collected 240 gold pieces.

Inventory:

Hand Weapons
 n - the +10 whip "Cyle Circh" (weapon) {holy, rElec}
   (You found it on level 2 of the Dungeon)

   rElec:     It insulates you from electricity.
 p - a +3 quarterstaff of chaos
Armour
 b - a +0 robe (worn)
 i - a +0 helmet (worn)
 o - a +0 pair of gloves (worn)
 q - a +0 cloak (worn)
Magical Staves
 a - a staff of cold
Scrolls
 c - a scroll of enchant weapon {unknown}
 e - a scroll of revelation {unknown}
 g - 4 scrolls of teleportation {unknown}
 h - a scroll of brand weapon {unknown}
 j - a scroll of noise {unknown}
 k - a scroll of blinking {unknown}
Potions
 d - a potion of magic
 f - a potion of invisibility {unknown}
 l - a potion of enlightenment {unknown}
 m - a potion of curing {unknown}


   Skills:
 - Level 1.0 Fighting
 - Level 1.0 Armour
 - Level 3.0 Dodging
 + Level 2.9 Stealth
 * Level 5.8 Spellcasting
 + Level 2.2 Conjurations
 - Level 1.1 Summonings
 - Level 1.1 Translocations
 + Level 0.0 Evocations


You had 3 spell levels left.
You knew the following spells:

 Your Spells              Type           Power      Damage    Failure   Level
a - Magic Dart            Conj           60%        1d6       3%          1
b - Mephitic Cloud        Conj/Alch/Air  9%         N/A       22%         3
c - Call Imp              Summ           20%        N/A       10%         2
d - Blink                 Tloc           20%        N/A       10%         2
e - Hailstorm             Conj/Ice       10%        3d6       19%         3

Your spell library contained the following spells:

 Spells                   Type           Power      Damage    Failure   Level
 Freeze                   Ice            24%        1d4       10%         1
 Slow                     Hex            24%        N/A       10%         1
 Cigotuvi's Dreadful Rot  Necr/Alch/Air  12%        N/A       16%         2
 Frozen Ramparts          Ice            12%        1d2       30%         3


Dungeon Overview and Level Annotations

Branches:
Dungeon (3/15)

Altars:
Hepliaklqana

Annotations:
D:3 Sigmund


Message History

Sigmund flickers and vanishes!
Deactivating autopickup; reactivate with Ctrl-A.
Unknown command.
A bombardier beetle is nearby!
The bombardier beetle is engulfed in noxious fumes.
The bombardier beetle appears confused.
You hear some strange, mumbled words.
Something tries to affect you, but you resist.
Casting: Mephitic Cloud (extremely dangerous; 22% risk of failure)
Confirm with . or Enter, or press ? or * to list all spells.
Aiming: Mephitic Cloud (extremely dangerous; 22% risk of failure)
Press: ? - help, Shift-Dir - straight line, f/p - bombardier beetle
Aim: a bombardier beetle (noxious fumes, moderately wounded, confused, chance to affect: 91%)
You miscast Mephitic Cloud.
You are very lightly contaminated with residual magic.
Nothing appears to happen.
The bombardier beetle is engulfed in noxious fumes.
The bombardier beetle appears confused.
The bombardier beetle wildly waves its antennae.
Something hits you!
Unknown command.
Casting: Mephitic Cloud (extremely dangerous; 22% risk of failure)
Confirm with . or Enter, or press ? or * to list all spells.
Aiming: Mephitic Cloud (extremely dangerous; 22% risk of failure)
Press: ? - help, Shift-Dir - straight line, f/p - bombardier beetle
Aim: a bombardier beetle (moderately wounded, confused, chance to affect: 91%)
The ball explodes into a vile cloud!
The stinking cloud engulfs something.
The stinking cloud engulfs the bombardier beetle.
The bombardier beetle is moderately wounded.
Unknown command.
Unknown command.
Casting: Mephitic Cloud (extremely dangerous; 22% risk of failure)
Confirm with . or Enter, or press ? or * to list all spells.
A tiny devil pulls itself out of the air.
Something shouts, "NO!"
You closely miss something. Something hits you.
You hit something but do no damage.
Your cerulean imp hits the bombardier beetle but does no damage.
Something hits you!
You die...

.#####. .......##
........# ........#
....{....# #...# #B# #...#
####5#### #...# #..{....#
# #######... #.##@##.#
#.## ......##.#
#.##.##.##.....
.####.##.## #.##.........#
.####.....###.#####.##..##
.##.................# .)).
.##.#...#.##..#####.# ###
....#..##.##..#####.#
.......#.........##.#
.....)....##..##.#♣+♣♣♣+♣


You could see a bombardier beetle (confused, ally target) and a friendly
cerulean imp (summoned).

Vanquished Creatures
  Crazy Yiuf (D:2)
  Robin (D:2)
  2 adders (D:2)
  2 dart slugs (D:1)
  2 ribbon worms (D:2)
  3 orcs (D:3)
  2 endoplasms (D:1)
  3 giant cockroaches
  14 goblins
  2 hobgoblins
  3 kobolds
  3 bats
  4 frilled lizards
  2 rats (D:1)
44 creatures vanquished.

Vanquished Creatures (collateral kills)
  3 goblins (D:2)
3 creatures vanquished.

Grand Total: 47 creatures vanquished

Notes
Turn   | Place    | Note
-------+----------+-------------------------------------------
     0 | D:1      | pokeman the Deep Elf Hedge Wizard began the quest for the
                  | Orb.
     0 | D:1      | Reached XP level 1. HP: 10/10 MP: 7/7
   226 | D:1      | Reached XP level 2. HP: 5/16 MP: 2/9
   993 | D:1      | Reached skill level 5 in Spellcasting
  1051 | D:2      | Noticed Robin
  1062 | D:1      | Reached XP level 3. HP: 3/20 MP: 4/11
  1068 | D:1      | Learned a level 3 spell: Mephitic Cloud
  1071 | D:1      | Learned a level 2 spell: Call Imp
  1074 | D:1      | Learned a level 2 spell: Blink
  1078 | D:1      | Learned a level 3 spell: Hailstorm
  1210 | D:2      | Reached skill level 1 in Fighting
  1322 | D:2      | Killed Robin
  1326 | D:2      | Reached skill level 1 in Armour
  1508 | D:2      | Found a runed translucent door.
  1509 | D:2      | Noticed Crazy Yiuf
  1604 | D:2      | Identified the +2 scale mail of Osuxotzo {-Cast rCorr Str+5
                  | SInv}
  1839 | D:2      | Reached XP level 4. HP: 25/25 MP: 3/13
  1974 | D:2      | Identified the +10 whip "Cyle Circh" {holy, rElec}
  2220 | D:2      | Killed Crazy Yiuf
  2371 | D:3      | Found a hazy altar of Hepliaklqana.
  2557 | D:3      | Noticed Sigmund
  2570 | D:3      | Slain by Sigmund

Illustrated notes

Levels and vault maps discovered:
D:1:      erik_arrival_blinker_ship, layout_basic
D:2:      kennysheep_six_static_rooms, layout_rooms, kennysheep_minor_cross,
          uniq_robin, uniq_crazy_yiuf_cottage
D:3:      layout_loops_cross, mainiacjoe_overflow_six_doors_small,
          nicolae_tso_swordbearing_angel, uniq_sigmund

Skill      XL: |  1  2  3  4 |
---------------+-------------+-----
Spellcasting   | 5 |  5.8
Fighting       | 1 |  1.0
Armour         | 1 |  1.0
Conjurations   | 2 |  2.2
Dodging        | 3 |  3.0
Stealth        | |  2.9
Summonings     | |  1.1
Translocations | |  1.1

Action                     |  1- 3 |  4- 6 || total
---------------------------+-------+-------++-------
  Melee: Dagger            |    36 |       ||    36
         Whip              |       |     7 ||     7
   Cast: Magic Dart        |    80 |    36 ||   116
         Mephitic Cloud    |     4 |     3 ||     7
         Call Imp          |     3 |     1 ||     4
   Stab: Confused          |     2 |     1 ||     3
 Armour: Robe              |    34 |     5 ||    39
  Dodge: Dodged            |    28 |     3 ||    31

Table legend: (Time is in decaauts)
 A = Elapsed time spent in this place.
 B = Non-inter-level travel time spent in this place.
 C = Inter-level travel time spent in this place.
 D = Time resting spent in this place.
 E = Time spent auto-exploring this place.
 F = Levels seen in this place.
 G = Mean time per level.
                   A        B        C        D        E       F      G
               +--------+--------+--------+--------+--------+-----+--------+
         Total |   2569 |   2505 |     64 |    143 |   2001 |   3 |  856.3 |
       Dungeon |   2569 |   2505 |     64 |    143 |   2001 |   3 |  856.3 |
               +--------+--------+--------+--------+--------+-----+--------+

Top non-repeatable levels by time:
     D:1: 1170 daAuts
     D:2: 1159 daAuts
     D:3: 238 daAuts
